2530 views
Uploaded 2021-08-30 11:22:45
Game version 1.32.10
20:33 long 4on4 ladder game on (8)NorthernFelwood
Saved by lowlyworm
2530 views
Uploaded 2021-08-30 11:22:45
Game version 1.32.10
20:33 long 4on4 ladder game on (8)NorthernFelwood


146 units @ 21.4k
/ 3k
85 buildings @ 11.8k
/ 4.8k



| Rod of Necromancy | 4 | 600 |
| Orb of Corruption | 1 | 375 |
| Scroll of Town Portal | 3 | 1050 |
| Scroll of Healing | 1 | 250 |
| total: | 9 | 2275g |
| Acolyte | 18 | 1350 | / | 0 |
| Ghoul | 4 | 480 | / | 0 |
| Crypt Fiend | 9 | 1935 | / | 360 |
| Obsidian Statue | 6 | 1200 | / | 210 |
| Frost Wyrm | 2 | 770 | / | 240 |
| total: | 39 | 5735g | / | 810w |
| Nerubian Tower | 2 | 200 | / | 40 |
| Spirit Tower | 2 | 290 | / | 80 |
| Crypt | 1 | 200 | / | 50 |
| Graveyard | 1 | 215 | / | 0 |
| Altar of Darkness | 1 | 180 | / | 50 |
| Ziggurat | 11 | 1650 | / | 550 |
| Tomb of Relics | 1 | 130 | / | 30 |
| Necropolis | 4 | 900 | / | 0 |
| Slaughterhouse | 1 | 140 | / | 135 |
| Boneyard | 1 | 175 | / | 200 |
| Halls of the Dead | 1 | 320 | / | 210 |
| Black Citadel | 1 | 325 | / | 230 |
| total: | 21 | 3590g | / | 1015w |
| 0:04 | Acolyte |
| 0:08 | Crypt |
| 0:13 | Graveyard |
| 0:18 | Acolyte |
| 0:43 | Altar of Darkness |
| 0:57 | Ziggurat |
| 1:10 | Ghoul |
| 1:38 | Tomb of Relics |
| 1:48 | Crypt Fiend |
| 2:00 | Ziggurat |
| 2:20 | Crypt Fiend |
| 2:44 | Rod of Necromancy |
| 2:48 | Death Coil |
| 2:51 | Acolyte |
| 2:54 | Ghoul |
| 3:29 | Necropolis |
| 3:32 | Necropolis |
| 4:00 | Unholy Aura |
| 4:11 | Halls of the Dead |
| 4:37 | Ghoul |
| 4:41 | Rod of Necromancy |
| 4:52 | Ghoul |
| 5:08 | Acolyte |
| 5:09 | Acolyte |
| 5:09 | Acolyte |
| 5:09 | Acolyte |
| 5:37 | Crypt Fiend |
| 5:41 | Acolyte |
| 5:42 | Ziggurat |
| 6:04 | Death Coil |
| 6:10 | Crypt Fiend |
| 6:47 | Nerubian Tower |
| 6:51 | Acolyte |
| 7:35 | Crypt Fiend |
| 7:39 | Slaughterhouse |
| 8:01 | Acolyte |
| 8:37 | Rod of Necromancy |
| 8:40 | Crypt Fiend |
| 8:48 | Black Citadel |
| 8:49 | Obsidian Statue |
| 8:49 | Obsidian Statue |
| 8:51 | Crypt Fiend |
| 8:54 | Frost Nova |
| 9:22 | Scroll of Town Portal |
| 9:26 | Acolyte |
| 9:26 | Acolyte |
| 9:26 | Acolyte |
| 9:49 | Ziggurat |
| 9:50 | Ziggurat |
| 10:29 | Scroll of Town Portal |
| 10:29 | Rod of Necromancy |
| 10:40 | Creature Attack |
| 10:40 | Creature Carapace |
| 10:40 | Improved Creature Carapace |
| 11:25 | Crypt Fiend |
| 11:31 | Obsidian Statue |
| 11:31 | Destroyer Form |
| 11:35 | Acolyte |
| 11:37 | Web |
| 12:35 | Impale |
| 12:38 | Necropolis |
| 12:52 | Orb of Corruption |
| 13:16 | Ziggurat |
| 13:16 | Ziggurat |
| 13:17 | Ziggurat |
| 14:04 | Acolyte |
| 14:04 | Acolyte |
| 14:04 | Acolyte |
| 14:04 | Acolyte |
| 14:07 | Obsidian Statue |
| 14:43 | Obsidian Statue |
| 14:46 | Boneyard |
| 14:53 | Nerubian Tower |
| 15:41 | Obsidian Statue |
| 15:43 | Improved Creature Attack |
| 15:44 | Advanced Creature Carapace |
| 16:32 | Frost Wyrm |
| 16:34 | Crypt Fiend |
| 16:35 | Unholy Aura |
| 16:48 | Spirit Tower |
| 17:00 | Necropolis |
| 17:36 | Dark Ritual |
| 17:40 | Spiked Carapace |
| 18:39 | Ziggurat |
| 18:39 | Ziggurat |
| 18:41 | Ziggurat |
| 18:50 | Scroll of Town Portal |
| 18:51 | Scroll of Healing |
| 20:09 | Impale |
| 20:25 | Frost Wyrm |
| 20:27 | Frost Nova |
| 20:28 | Death Coil |
| Right click | 1366 |
| Select group | 541 |
| Select | 326 |
| Build/train/purchase | 100 |
| Use ability | 48 |
| Assign group | 43 |
| Minimap ping | 28 |
| Misc. action | 19 |
| Item give/drop | 5 |
| Remove unit | 1 |



| Healing Salve | 6 | 600 |
| Scroll of Speed | 3 | 150 |
| Lesser Clarity Potion | 4 | 280 |
| Orb of Lightning | 1 | 375 |
| Scroll of Healing | 1 | 250 |
| Dust of Appearance | 1 | 75 |
| Scroll of Town Portal | 1 | 350 |
| Circlet of Nobility | 2 | 350 |
| Potion of Lesser Invulnerability | 2 | 300 |
| Boots of Quel'Thalas +6 | 1 | 400 |
| Scourge Bone Chimes | 1 | 400 |
| total: | 23 | 3530g |
| Peon | 9 | 675 | / | 0 |
| Grunt | 2 | 400 | / | 0 |
| Troll Headhunter | 5 | 700 | / | 100 |
| Kodo Beast | 1 | 255 | / | 60 |
| Spirit Walker | 2 | 390 | / | 70 |
| Troll Berserker | 13 | 1820 | / | 260 |
| Wind Rider | 4 | 1060 | / | 160 |
| Troll Witch Doctor | 5 | 725 | / | 125 |
| Goblin Shredder | 1 | 375 | / | 100 |
| total: | 42 | 6400g | / | 875w |
| Watch Tower | 6 | 660 | / | 480 |
| Altar of Storms | 1 | 180 | / | 50 |
| Orc Burrow | 6 | 960 | / | 240 |
| Barracks | 1 | 180 | / | 50 |
| Voodoo Lounge | 1 | 130 | / | 30 |
| Great Hall | 1 | 385 | / | 185 |
| War Mill | 1 | 205 | / | 0 |
| Beastiary | 2 | 290 | / | 280 |
| Tauren Totem | 1 | 135 | / | 155 |
| Spirit Lodge | 2 | 300 | / | 300 |
| Stronghold | 1 | 315 | / | 190 |
| Fortress | 1 | 325 | / | 190 |
| total: | 22 | 3425g | / | 1770w |
| 0:03 | Peon |
| 0:03 | Peon |
| 0:06 | Altar of Storms |
| 0:19 | Orc Burrow |
| 0:23 | Peon |
| 0:34 | Barracks |
| 0:43 | Peon |
| 0:53 | Peon |
| 1:13 | Peon |
| 1:27 | Orc Burrow |
| 1:36 | Grunt |
| 1:51 | Voodoo Lounge |
| 1:59 | Peon |
| 2:11 | Wind Walk |
| 2:42 | Grunt |
| 2:47 | Peon |
| 2:56 | Healing Salve |
| 2:56 | Healing Salve |
| 3:26 | Great Hall |
| 3:57 | Critical Strike |
| 3:58 | Stronghold |
| 4:54 | Orc Burrow |
| 5:15 | Goblin Shredder |
| 5:52 | Healing Salve |
| 5:52 | Scroll of Speed |
| 6:50 | Fortress |
| 6:51 | Beastiary |
| 6:52 | War Mill |
| 7:50 | Hex |
| 7:52 | Lesser Clarity Potion |
| 7:53 | Scroll of Speed |
| 7:53 | Healing Salve |
| 7:53 | Healing Salve |
| 7:53 | Lesser Clarity Potion |
| 8:14 | Troll Headhunter |
| 8:15 | Troll Headhunter |
| 8:16 | Kodo Beast |
| 8:18 | Orc Burrow |
| 8:20 | Reinforced Defenses |
| 8:34 | Circlet of Nobility |
| 8:58 | Troll Headhunter |
| 8:59 | Troll Headhunter |
| 9:08 | Critical Strike |
| 9:11 | Potion of Lesser Invulnerability |
| 9:14 | Scroll of Healing |
| 9:23 | Tauren Totem |
| 9:24 | Spirit Lodge |
| 9:30 | Peon |
| 9:52 | Berserker Upgrade |
| 9:52 | Troll Headhunter |
| 9:55 | Orc Burrow |
| 9:57 | Spirit Lodge |
| 10:15 | Lesser Clarity Potion |
| 10:15 | Lesser Clarity Potion |
| 10:15 | Healing Salve |
| 10:16 | Orb of Lightning |
| 10:16 | Scroll of Speed |
| 10:17 | War Stomp |
| 10:23 | Healing Wave |
| 10:33 | War Drums Damage Increase |
| 10:37 | Witch Doctor Adept Training |
| 10:42 | Orc Burrow |
| 10:48 | Boots of Quel'Thalas +6 |
| 10:56 | Scourge Bone Chimes |
| 11:13 | Spirit Walker |
| 11:13 | Troll Berserker |
| 11:21 | Circlet of Nobility |
| 11:25 | Beastiary |
| 11:33 | Troll Berserker |
| 11:47 | Spirit Walker Adept Training |
| 12:03 | Troll Berserker |
| 12:05 | Wind Rider |
| 12:21 | Troll Berserker |
| 12:23 | Witch Doctor Master Training |
| 12:41 | Troll Berserker |
| 13:16 | Troll Berserker |
| 13:20 | Wind Rider |
| 13:21 | Spirit Walker Master Training |
| 13:21 | Spirit Walker |
| 13:29 | Troll Witch Doctor |
| 13:45 | Dust of Appearance |
| 14:01 | Troll Berserker |
| 14:02 | Troll Witch Doctor |
| 14:36 | Troll Berserker |
| 14:51 | Steel Armor |
| 15:31 | Endurance Aura |
| 15:41 | Scroll of Town Portal |
| 15:42 | Potion of Lesser Invulnerability |
| 15:45 | Troll Berserker |
| 15:47 | Steel Ranged Weapons |
| 15:49 | Pulverize |
| 15:58 | Wind Walk |
| 16:05 | Watch Tower |
| 16:06 | Watch Tower |
| 16:39 | Watch Tower |
| 16:49 | Watch Tower |
| 17:39 | Troll Berserker |
| 17:39 | Troll Berserker |
| 17:40 | Wind Rider |
| 17:40 | Wind Rider |
| 17:43 | Healing Wave |
| 18:45 | Troll Witch Doctor |
| 19:30 | Watch Tower |
| 19:44 | Watch Tower |
| 20:01 | War Stomp |
| 20:08 | Troll Berserker |
| 20:08 | Troll Berserker |
| 20:09 | Troll Witch Doctor |
| 20:09 | Troll Witch Doctor |
| 20:25 | Critical Strike |
| 20:28 | Hex |
| Select group | 892 |
| Right click | 553 |
| Select | 197 |
| Build/train/purchase | 140 |
| Misc. action | 121 |
| Use ability | 82 |
| Assign group | 33 |
| Item give/drop | 8 |
| Esc | 7 |
| Minimap ping | 5 |


| Healing Salve | 1 | 100 |
| Lesser Clarity Potion | 3 | 210 |
| Potion of Healing | 1 | 150 |
| Potion of Mana | 1 | 200 |
| total: | 6 | 660g |
| Troll Headhunter | 10 | 1400 | / | 200 |
| Peon | 6 | 450 | / | 0 |
| total: | 16 | 1850g | / | 200w |
| Watch Tower | 4 | 440 | / | 320 |
| Barracks | 1 | 180 | / | 50 |
| War Mill | 1 | 205 | / | 0 |
| Altar of Storms | 1 | 180 | / | 50 |
| Orc Burrow | 4 | 640 | / | 160 |
| Voodoo Lounge | 2 | 260 | / | 60 |
| Stronghold | 1 | 315 | / | 190 |
| total: | 13 | 1905g | / | 640w |
| 0:06 | Barracks |
| 0:14 | War Mill |
| 0:26 | Altar of Storms |
| 0:49 | Orc Burrow |
| 1:44 | Troll Headhunter |
| 2:00 | Peon |
| 2:19 | Troll Headhunter |
| 2:38 | Endurance Aura |
| 2:41 | Troll Headhunter |
| 2:43 | Peon |
| 2:59 | Troll Headhunter |
| 3:03 | Peon |
| 3:24 | Voodoo Lounge |
| 3:41 | Orc Burrow |
| 4:40 | War Stomp |
| 4:59 | Stronghold |
| 5:02 | Troll Headhunter |
| 5:04 | Troll Headhunter |
| 5:14 | Healing Salve |
| 5:15 | Lesser Clarity Potion |
| 5:22 | Lesser Clarity Potion |
| 6:42 | Orc Burrow |
| 8:10 | Watch Tower |
| 8:22 | Troll Headhunter |
| 8:23 | Troll Headhunter |
| 8:23 | Troll Headhunter |
| 9:03 | Troll Headhunter |
| 9:32 | Troll Regeneration |
| 9:36 | Peon |
| 9:44 | Lesser Clarity Potion |
| 10:05 | Potion of Healing |
| 10:05 | Potion of Mana |
| 10:36 | Hex |
| 12:41 | Voodoo Lounge |
| 12:47 | Watch Tower |
| 13:01 | Watch Tower |
| 13:08 | Peon |
| 13:08 | Peon |
| 13:20 | Reinforced Defenses |
| 13:41 | Orc Burrow |
| 13:49 | Watch Tower |
| 16:38 | Endurance Aura |
| 20:20 | War Stomp |
| Right click | 171 |
| Select | 155 |
| Build/train/purchase | 54 |
| Chat | 30 |
| Use ability | 11 |
| Minimap ping | 5 |
| Assign group | 1 |
| Remove unit | 1 |



| Scroll of Regeneration | 1 | 100 |
| Scroll of Town Portal | 1 | 350 |
| Boots of Speed | 2 | 500 |
| total: | 4 | 950g |
| Peasant | 22 | 1650 | / | 0 |
| Footman | 9 | 1215 | / | 0 |
| Gryphon Rider | 14 | 3920 | / | 980 |
| Priest | 3 | 405 | / | 30 |
| Mortar Team | 1 | 180 | / | 70 |
| total: | 49 | 7370g | / | 1080w |
| Scout Tower | 8 | 240 | / | 160 |
| Guard Tower | 4 | 280 | / | 200 |
| Altar of Kings | 1 | 180 | / | 50 |
| Barracks | 1 | 160 | / | 60 |
| Farm | 10 | 800 | / | 200 |
| Lumber Mill | 1 | 120 | / | 0 |
| Arcane Vault | 1 | 130 | / | 30 |
| Blacksmith | 2 | 280 | / | 120 |
| Town Hall | 1 | 385 | / | 205 |
| Arcane Sanctum | 1 | 150 | / | 140 |
| Gryphon Aviary | 2 | 280 | / | 300 |
| Workshop | 1 | 140 | / | 140 |
| Keep | 3 | 960 | / | 630 |
| Castle | 2 | 720 | / | 420 |
| total: | 29 | 2865g | / | 1405w |
| 0:03 | Peasant |
| 0:03 | Peasant |
| 0:03 | Peasant |
| 0:05 | Peasant |
| 0:09 | Altar of Kings |
| 0:19 | Barracks |
| 0:23 | Peasant |
| 0:34 | Farm |
| 0:39 | Peasant |
| 0:39 | Peasant |
| 0:39 | Peasant |
| 1:04 | Farm |
| 1:06 | Peasant |
| 1:19 | Footman |
| 1:37 | Farm |
| 1:39 | Footman |
| 1:39 | Footman |
| 1:39 | Footman |
| 1:41 | Peasant |
| 1:41 | Peasant |
| 1:41 | Peasant |
| 1:48 | Peasant |
| 1:48 | Peasant |
| 1:48 | Peasant |
| 2:02 | Footman |
| 2:02 | Footman |
| 2:17 | Summon Water Elemental |
| 2:20 | Peasant |
| 2:20 | Peasant |
| 2:34 | Peasant |
| 2:34 | Peasant |
| 2:34 | Peasant |
| 2:46 | Footman |
| 2:46 | Footman |
| 2:46 | Footman |
| 3:21 | Keep |
| 3:23 | Farm |
| 3:35 | Farm |
| 3:55 | Brilliance Aura |
| 3:59 | Lumber Mill |
| 4:02 | Arcane Vault |
| 4:08 | Blacksmith |
| 4:12 | Blacksmith |
| 4:36 | Farm |
| 5:16 | Farm |
| 5:48 | Improved Masonry |
| 5:48 | Advanced Masonry |
| 5:50 | Arcane Sanctum |
| 6:11 | Gryphon Aviary |
| 6:45 | Summon Water Elemental |
| 6:49 | Castle |
| 6:51 | Iron Forged Swords |
| 6:52 | Siphon Mana |
| 7:04 | Priest Adept Training |
| 7:12 | Town Hall |
| 7:16 | Scout Tower |
| 7:17 | Scout Tower |
| 7:18 | Scout Tower |
| 7:49 | Guard Tower |
| 7:58 | Farm |
| 8:07 | Priest Master Training |
| 8:09 | Scroll of Regeneration |
| 8:19 | Defend |
| 9:37 | Gryphon Rider |
| 9:37 | Gryphon Rider |
| 9:40 | Gryphon Aviary |
| 9:42 | Animal War Training |
| 9:56 | Peasant |
| 9:58 | Scout Tower |
| 9:59 | Scout Tower |
| 10:00 | Scout Tower |
| 10:08 | Storm Bolt |
| 10:14 | Improved Lumber Harvesting |
| 10:19 | Gryphon Rider |
| 10:37 | Priest |
| 10:42 | Gryphon Rider |
| 11:02 | Studded Leather Armor |
| 11:04 | Farm |
| 11:07 | Gryphon Rider |
| 11:47 | Gryphon Rider |
| 12:11 | Gryphon Rider |
| 12:32 | Gryphon Rider |
| 13:31 | Gryphon Rider |
| 13:33 | Priest |
| 13:35 | Steel Forged Swords |
| 13:36 | Farm |
| 13:38 | Workshop |
| 13:48 | Boots of Speed |
| 14:07 | Gryphon Rider |
| 14:44 | Storm Hammers |
| 15:00 | Gryphon Rider |
| 15:04 | Priest |
| 15:28 | Guard Tower |
| 15:33 | Peasant |
| 15:56 | Thunder Clap |
| 16:05 | Scroll of Town Portal |
| 16:07 | Boots of Speed |
| 16:22 | Scout Tower |
| 16:22 | Scout Tower |
| 16:29 | Reinforced Leather Armor |
| 16:30 | Dragonhide Armor |
| 16:34 | Flame Strike |
| 17:47 | Gryphon Rider |
| 17:49 | Brilliance Aura |
| 18:23 | Gryphon Rider |
| 18:25 | Mithril Forged Swords |
| 18:39 | Mortar Team |
| 20:12 | Flame Strike |
| 20:15 | Storm Bolt |
| 20:17 | Storm Bolt |
| 20:32 | Gryphon Rider |
| Right click | 1174 |
| Select group | 775 |
| Assign group | 705 |
| Select | 560 |
| Build/train/purchase | 165 |
| Misc. action | 123 |
| Use ability | 24 |
| Esc | 4 |
| Item give/drop | 2 |
144 units @ 22.9k
/ 3.5k
92 buildings @ 13.2k
/ 5.3k


| Lesser Clarity Potion | 1 | 70 |
| Potion of Healing | 2 | 300 |
| Scroll of Regeneration | 1 | 100 |
| Scroll of Town Portal | 2 | 700 |
| Scroll of Healing | 1 | 250 |
| total: | 7 | 1420g |
| Peasant | 17 | 1275 | / | 0 |
| Rifleman | 13 | 2665 | / | 390 |
| Gryphon Rider | 8 | 2240 | / | 560 |
| total: | 38 | 6180g | / | 950w |
| Scout Tower | 5 | 150 | / | 100 |
| Arcane Tower | 2 | 140 | / | 100 |
| Guard Tower | 3 | 210 | / | 150 |
| Altar of Kings | 1 | 180 | / | 50 |
| Farm | 13 | 1040 | / | 260 |
| Blacksmith | 2 | 280 | / | 120 |
| Barracks | 2 | 320 | / | 120 |
| Lumber Mill | 1 | 120 | / | 0 |
| Town Hall | 1 | 385 | / | 205 |
| Arcane Vault | 2 | 260 | / | 60 |
| Gryphon Aviary | 2 | 280 | / | 300 |
| Keep | 1 | 320 | / | 210 |
| Castle | 1 | 360 | / | 210 |
| total: | 29 | 3015g | / | 1215w |
| 0:02 | Peasant |
| 0:08 | Peasant |
| 0:19 | Altar of Kings |
| 0:25 | Peasant |
| 0:34 | Farm |
| 0:40 | Peasant |
| 0:51 | Blacksmith |
| 1:00 | Peasant |
| 1:11 | Barracks |
| 1:16 | Peasant |
| 1:33 | Peasant |
| 1:37 | Farm |
| 1:48 | Peasant |
| 2:00 | Farm |
| 2:10 | Scout Tower |
| 2:18 | Rifleman |
| 2:29 | Lumber Mill |
| 2:40 | Holy Light |
| 2:42 | Rifleman |
| 3:00 | Farm |
| 3:08 | Rifleman |
| 3:24 | Arcane Tower |
| 3:35 | Rifleman |
| 3:46 | Peasant |
| 3:53 | Improved Lumber Harvesting |
| 4:11 | Peasant |
| 4:33 | Peasant |
| 4:44 | Town Hall |
| 5:00 | Peasant |
| 5:18 | Farm |
| 5:22 | Peasant |
| 5:48 | Peasant |
| 5:54 | Devotion Aura |
| 6:09 | Rifleman |
| 6:12 | Scout Tower |
| 6:16 | Barracks |
| 6:19 | Scout Tower |
| 6:19 | Scout Tower |
| 6:22 | Improved Masonry |
| 6:25 | Keep |
| 6:39 | Rifleman |
| 7:06 | Arcane Tower |
| 7:10 | Scout Tower |
| 7:18 | Rifleman |
| 7:41 | Rifleman |
| 7:44 | Farm |
| 7:45 | Guard Tower |
| 8:15 | Black Gunpowder |
| 8:24 | Farm |
| 8:40 | Guard Tower |
| 8:51 | Holy Light |
| 9:19 | Farm |
| 9:21 | Studded Leather Armor |
| 9:25 | Castle |
| 9:34 | Long Rifles |
| 9:39 | Advanced Lumber Harvesting |
| 9:42 | Farm |
| 9:43 | Farm |
| 9:58 | Farm |
| 10:21 | Siphon Mana |
| 10:34 | Peasant |
| 10:34 | Peasant |
| 10:34 | Peasant |
| 10:59 | Advanced Masonry |
| 11:01 | Gryphon Aviary |
| 11:03 | Gryphon Aviary |
| 11:54 | Rifleman |
| 12:41 | Storm Hammers |
| 12:45 | Arcane Vault |
| 12:49 | Arcane Vault |
| 13:09 | Rifleman |
| 13:19 | Gryphon Rider |
| 13:49 | Rifleman |
| 13:54 | Gryphon Rider |
| 13:55 | Gryphon Rider |
| 13:59 | Scroll of Town Portal |
| 13:59 | Lesser Clarity Potion |
| 14:01 | Potion of Healing |
| 14:03 | Scroll of Regeneration |
| 14:13 | Iron Forged Swords |
| 14:14 | Reinforced Leather Armor |
| 14:46 | Gryphon Rider |
| 14:51 | Animal War Training |
| 15:22 | Gryphon Rider |
| 15:25 | Gryphon Rider |
| 16:00 | Blacksmith |
| 16:22 | Steel Forged Swords |
| 16:59 | Dragonhide Armor |
| 17:55 | Gryphon Rider |
| 17:55 | Gryphon Rider |
| 18:27 | Farm |
| 18:29 | Farm |
| 18:30 | Flame Strike |
| 18:47 | Mithril Forged Swords |
| 18:49 | Refined Gunpowder |
| 19:06 | Scroll of Town Portal |
| 19:13 | Scroll of Healing |
| 19:14 | Potion of Healing |
| 19:22 | Rifleman |
| 19:22 | Rifleman |
| Right click | 1173 |
| Select | 667 |
| Select group | 468 |
| Misc. action | 145 |
| Build/train/purchase | 78 |
| Use ability | 34 |
| Assign group | 30 |
| Resource trade | 7 |
| Chat | 3 |
| Minimap ping | 2 |
| Esc | 1 |



| Rod of Necromancy | 6 | 900 |
| Sacrificial Skull | 1 | 50 |
| Ritual Dagger | 1 | 125 |
| Orb of Corruption | 1 | 375 |
| Scroll of Town Portal | 3 | 1050 |
| Scroll of Speed | 1 | 50 |
| total: | 13 | 2550g |
| Acolyte | 7 | 525 | / | 0 |
| Ghoul | 4 | 480 | / | 0 |
| Crypt Fiend | 14 | 3010 | / | 560 |
| Obsidian Statue | 5 | 1000 | / | 175 |
| total: | 30 | 5015g | / | 735w |
| Nerubian Tower | 1 | 100 | / | 20 |
| Spirit Tower | 4 | 580 | / | 160 |
| Graveyard | 1 | 215 | / | 0 |
| Crypt | 2 | 400 | / | 100 |
| Altar of Darkness | 1 | 180 | / | 50 |
| Ziggurat | 10 | 1500 | / | 500 |
| Tomb of Relics | 1 | 130 | / | 30 |
| Slaughterhouse | 2 | 280 | / | 270 |
| Halls of the Dead | 1 | 320 | / | 210 |
| Black Citadel | 2 | 650 | / | 460 |
| total: | 17 | 2705g | / | 950w |
| 0:04 | Acolyte |
| 0:08 | Graveyard |
| 0:10 | Crypt |
| 0:22 | Acolyte |
| 0:43 | Altar of Darkness |
| 0:59 | Ziggurat |
| 1:14 | Ghoul |
| 1:37 | Ziggurat |
| 1:40 | Tomb of Relics |
| 1:53 | Ghoul |
| 2:05 | Ghoul |
| 2:23 | Ghoul |
| 2:38 | Crypt Fiend |
| 2:47 | Rod of Necromancy |
| 2:48 | Rod of Necromancy |
| 2:51 | Death Coil |
| 2:53 | Crypt Fiend |
| 2:53 | Crypt Fiend |
| 3:09 | Sacrificial Skull |
| 3:22 | Crypt Fiend |
| 3:28 | Acolyte |
| 4:07 | Ziggurat |
| 4:15 | Unholy Aura |
| 4:30 | Ziggurat |
| 4:36 | Acolyte |
| 4:36 | Acolyte |
| 4:44 | Rod of Necromancy |
| 4:52 | Acolyte |
| 4:52 | Acolyte |
| 5:01 | Nerubian Tower |
| 5:18 | Crypt Fiend |
| 5:18 | Crypt Fiend |
| 5:40 | Death Coil |
| 5:44 | Spirit Tower |
| 5:58 | Halls of the Dead |
| 6:06 | Crypt Fiend |
| 6:06 | Crypt Fiend |
| 7:08 | Crypt Fiend |
| 7:08 | Crypt Fiend |
| 7:10 | Crypt |
| 7:24 | Rod of Necromancy |
| 7:25 | Ritual Dagger |
| 7:47 | Ziggurat |
| 7:49 | Ziggurat |
| 7:50 | Crypt Fiend |
| 8:07 | Ziggurat |
| 8:21 | Scroll of Town Portal |
| 8:30 | Black Citadel |
| 8:35 | Slaughterhouse |
| 8:36 | Slaughterhouse |
| 9:32 | Frost Nova |
| 9:35 | Rod of Necromancy |
| 9:52 | Obsidian Statue |
| 9:53 | Burrow |
| 9:53 | Web |
| 9:55 | Creature Attack |
| 9:55 | Creature Carapace |
| 10:26 | Obsidian Statue |
| 11:10 | Destroyer Form |
| 11:10 | Obsidian Statue |
| 11:32 | Obsidian Statue |
| 12:31 | Obsidian Statue |
| 12:32 | Crypt Fiend |
| 12:34 | Impale |
| 12:34 | Rod of Necromancy |
| 12:35 | Orb of Corruption |
| 13:11 | Scroll of Town Portal |
| 13:40 | Crypt Fiend |
| 13:43 | Ziggurat |
| 13:46 | Ziggurat |
| 13:47 | Improved Creature Attack |
| 13:47 | Advanced Creature Attack |
| 14:25 | Unholy Aura |
| 14:28 | Frost Armor |
| 14:50 | Improved Creature Carapace |
| 14:52 | Crypt Fiend |
| 15:45 | Spirit Tower |
| 15:46 | Spirit Tower |
| 15:59 | Scroll of Town Portal |
| 15:59 | Scroll of Speed |
| 16:23 | Spirit Tower |
| 16:38 | Ziggurat |
| 17:41 | Spiked Carapace |
| Right click | 1149 |
| Select group | 473 |
| Select | 420 |
| Build/train/purchase | 114 |
| Assign group | 63 |
| Chat | 61 |
| Misc. action | 48 |
| Use ability | 38 |
| Resource trade | 6 |
| Item give/drop | 4 |
| Esc | 3 |


| Healing Salve | 4 | 400 |
| Lesser Clarity Potion | 5 | 350 |
| Scroll of Speed | 3 | 150 |
| Potion of Healing | 1 | 150 |
| Potion of Mana | 1 | 200 |
| Orb of Lightning | 1 | 375 |
| Tiny Great Hall | 1 | 600 |
| Scroll of Town Portal | 3 | 1050 |
| Scroll of Healing | 1 | 250 |
| Orb of Corruption | 1 | 375 |
| total: | 21 | 3900g |
| Peon | 21 | 1575 | / | 0 |
| Troll Headhunter | 10 | 1400 | / | 200 |
| Demolisher | 2 | 440 | / | 100 |
| Troll Berserker | 3 | 420 | / | 60 |
| Raider | 1 | 180 | / | 40 |
| Spirit Walker | 2 | 390 | / | 70 |
| Wind Rider | 6 | 1590 | / | 240 |
| Shaman | 1 | 130 | / | 20 |
| Troll Witch Doctor | 1 | 145 | / | 25 |
| Goblin Shredder | 2 | 750 | / | 200 |
| total: | 49 | 7020g | / | 955w |
| Watch Tower | 4 | 440 | / | 320 |
| Altar of Storms | 1 | 180 | / | 50 |
| Orc Burrow | 7 | 1120 | / | 280 |
| War Mill | 1 | 205 | / | 0 |
| Barracks | 1 | 180 | / | 50 |
| Voodoo Lounge | 2 | 260 | / | 60 |
| Great Hall | 2 | 770 | / | 370 |
| Tauren Totem | 1 | 135 | / | 155 |
| Beastiary | 2 | 290 | / | 280 |
| Spirit Lodge | 2 | 300 | / | 300 |
| Stronghold | 2 | 630 | / | 380 |
| Fortress | 1 | 325 | / | 190 |
| total: | 23 | 3880g | / | 1865w |
| 0:03 | Peon |
| 0:03 | Peon |
| 0:08 | Altar of Storms |
| 0:20 | Orc Burrow |
| 0:28 | Peon |
| 0:35 | Peon |
| 0:52 | War Mill |
| 1:07 | Barracks |
| 1:13 | Peon |
| 1:22 | Peon |
| 1:43 | Orc Burrow |
| 1:47 | Peon |
| 2:09 | Peon |
| 2:10 | Troll Headhunter |
| 2:22 | Voodoo Lounge |
| 2:25 | Peon |
| 2:38 | Troll Headhunter |
| 2:46 | Peon |
| 2:58 | War Stomp |
| 3:04 | Troll Headhunter |
| 3:19 | Troll Headhunter |
| 3:21 | Peon |
| 3:39 | Healing Salve |
| 3:43 | Lesser Clarity Potion |
| 3:48 | Healing Salve |
| 3:54 | Scroll of Speed |
| 4:17 | Watch Tower |
| 4:28 | Troll Headhunter |
| 4:44 | Troll Headhunter |
| 4:51 | Orc Burrow |
| 5:13 | Great Hall |
| 5:17 | Endurance Aura |
| 5:47 | Stronghold |
| 6:28 | Troll Headhunter |
| 7:13 | Troll Headhunter |
| 7:17 | Great Hall |
| 7:44 | War Stomp |
| 8:11 | Troll Regeneration |
| 8:45 | Troll Headhunter |
| 8:47 | Fortress |
| 8:48 | Tauren Totem |
| 8:49 | Beastiary |
| 8:51 | Spirit Lodge |
| 9:18 | Healing Salve |
| 9:18 | Healing Salve |
| 9:18 | Lesser Clarity Potion |
| 9:19 | Lesser Clarity Potion |
| 9:19 | Scroll of Speed |
| 9:26 | Voodoo Lounge |
| 9:47 | Demolisher |
| 10:13 | Troll Headhunter |
| 10:18 | Demolisher |
| 10:21 | Reinforced Defenses |
| 10:25 | Watch Tower |
| 10:27 | Peon |
| 10:27 | Peon |
| 10:34 | Peon |
| 10:34 | Peon |
| 10:34 | Peon |
| 10:44 | Healing Wave |
| 11:17 | Berserker Upgrade |
| 12:00 | Troll Berserker |
| 12:35 | Troll Berserker |
| 12:37 | Raider |
| 12:38 | Ensnare |
| 12:39 | Shaman Adept Training |
| 12:40 | Spirit Lodge |
| 12:42 | Beastiary |
| 12:44 | Spirit Walker |
| 13:12 | Scroll of Town Portal |
| 13:13 | Potion of Healing |
| 13:13 | Potion of Mana |
| 13:13 | Orb of Lightning |
| 13:18 | Tiny Great Hall |
| 13:21 | Lesser Clarity Potion |
| 13:24 | Scroll of Town Portal |
| 13:29 | Watch Tower |
| 13:42 | Lesser Clarity Potion |
| 13:44 | Scroll of Speed |
| 14:07 | Goblin Shredder |
| 14:07 | Goblin Shredder |
| 14:35 | Envenomed Spears |
| 14:36 | War Drums Damage Increase |
| 14:44 | Witch Doctor Adept Training |
| 15:12 | Hex |
| 15:18 | Steel Ranged Weapons |
| 15:33 | Endurance Aura |
| 16:19 | Orc Burrow |
| 16:19 | Orc Burrow |
| 16:21 | Thorium Ranged Weapons |
| 16:21 | Arcanite Ranged Weapons |
| 16:27 | Shaman Master Training |
| 16:28 | Witch Doctor Master Training |
| 16:43 | Pillage |
| 16:50 | Orc Burrow |
| 16:53 | Watch Tower |
| 17:10 | Spirit Walker Adept Training |
| 17:28 | Wind Rider |
| 17:28 | Wind Rider |
| 17:28 | Wind Rider |
| 18:15 | Troll Berserker |
| 18:33 | Orb of Corruption |
| 18:36 | Scroll of Town Portal |
| 18:37 | Scroll of Healing |
| 18:43 | Wind Rider |
| 18:48 | Spirit Walker |
| 19:08 | Shaman |
| 19:09 | Troll Witch Doctor |
| 19:24 | Spirit Walker Master Training |
| 19:28 | Orc Burrow |
| 19:31 | Peon |
| 19:31 | Peon |
| 19:31 | Peon |
| 19:31 | Peon |
| 19:33 | Peon |
| 20:17 | Wind Rider |
| 20:17 | Wind Rider |
| Right click | 917 |
| Select group | 673 |
| Select | 331 |
| Chat | 239 |
| Build/train/purchase | 170 |
| Use ability | 45 |
| Assign group | 40 |
| Misc. action | 33 |
| Esc | 9 |
| Minimap ping | 9 |
| Remove unit | 3 |
| Item give/drop | 2 |



| Rod of Necromancy | 1 | 150 |
| Sacrificial Skull | 1 | 50 |
| Orb of Corruption | 1 | 375 |
| Potion of Mana | 1 | 200 |
| Potion of Healing | 1 | 150 |
| Dust of Appearance | 1 | 75 |
| Scroll of Town Portal | 6 | 2100 |
| Potion of Lesser Invulnerability | 1 | 150 |
| total: | 13 | 3250g |
| Acolyte | 11 | 825 | / | 0 |
| Ghoul | 5 | 600 | / | 0 |
| Crypt Fiend | 6 | 1290 | / | 240 |
| Frost Wyrm | 5 | 1925 | / | 600 |
| total: | 27 | 4640g | / | 840w |
| Nerubian Tower | 1 | 100 | / | 20 |
| Spirit Tower | 2 | 290 | / | 80 |
| Graveyard | 1 | 215 | / | 0 |
| Crypt | 1 | 200 | / | 50 |
| Altar of Darkness | 1 | 180 | / | 50 |
| Ziggurat | 11 | 1650 | / | 550 |
| Tomb of Relics | 4 | 520 | / | 120 |
| Necropolis | 2 | 450 | / | 0 |
| Sacrificial Pit | 1 | 75 | / | 150 |
| Boneyard | 2 | 350 | / | 400 |
| Halls of the Dead | 1 | 320 | / | 210 |
| Black Citadel | 1 | 325 | / | 230 |
| total: | 23 | 3640g | / | 1320w |
| 0:08 | Acolyte |
| 0:10 | Graveyard |
| 0:13 | Crypt |
| 0:22 | Acolyte |
| 0:22 | Acolyte |
| 0:49 | Altar of Darkness |
| 1:01 | Ziggurat |
| 1:19 | Ghoul |
| 1:30 | Tomb of Relics |
| 1:48 | Ziggurat |
| 1:55 | Ghoul |
| 2:09 | Ghoul |
| 2:29 | Ghoul |
| 2:43 | Ghoul |
| 2:44 | Acolyte |
| 2:53 | Carrion Beetles |
| 3:06 | Rod of Necromancy |
| 3:07 | Dust of Appearance |
| 3:07 | Sacrificial Skull |
| 3:51 | Ziggurat |
| 3:53 | Acolyte |
| 4:10 | Acolyte |
| 4:29 | Acolyte |
| 4:29 | Crypt Fiend |
| 4:43 | Nerubian Tower |
| 4:47 | Acolyte |
| 5:11 | Impale |
| 5:15 | Ziggurat |
| 5:22 | Crypt Fiend |
| 5:25 | Halls of the Dead |
| 5:57 | Crypt Fiend |
| 6:00 | Ziggurat |
| 6:14 | Creature Attack |
| 6:14 | Creature Carapace |
| 6:22 | Spirit Tower |
| 6:24 | Necropolis |
| 6:34 | Crypt Fiend |
| 6:39 | Ziggurat |
| 6:41 | Tomb of Relics |
| 7:17 | Crypt Fiend |
| 7:20 | Spirit Tower |
| 7:47 | Black Citadel |
| 7:49 | Crypt Fiend |
| 7:53 | Carrion Beetles |
| 8:10 | Sacrificial Pit |
| 8:47 | Scroll of Town Portal |
| 8:48 | Death Coil |
| 8:53 | Burrow |
| 8:53 | Web |
| 8:54 | Improved Creature Attack |
| 8:54 | Improved Creature Carapace |
| 9:21 | Ziggurat |
| 9:53 | Tomb of Relics |
| 10:15 | Boneyard |
| 10:15 | Boneyard |
| 10:21 | Advanced Creature Attack |
| 11:13 | Scroll of Town Portal |
| 11:13 | Orb of Corruption |
| 11:18 | Frost Nova |
| 12:04 | Unholy Aura |
| 12:12 | Frost Wyrm |
| 12:18 | Advanced Creature Carapace |
| 12:40 | Frost Wyrm |
| 12:45 | Scroll of Town Portal |
| 12:47 | Potion of Mana |
| 12:56 | Potion of Healing |
| 13:28 | Freezing Breath |
| 13:44 | Potion of Lesser Invulnerability |
| 15:48 | Impale |
| 16:37 | Ziggurat |
| 16:38 | Ziggurat |
| 16:39 | Ziggurat |
| 16:40 | Necropolis |
| 16:41 | Tomb of Relics |
| 16:43 | Ziggurat |
| 17:03 | Scroll of Town Portal |
| 17:03 | Scroll of Town Portal |
| 17:27 | Scroll of Town Portal |
| 17:56 | Frost Wyrm |
| 18:35 | Acolyte |
| 18:35 | Acolyte |
| 18:35 | Acolyte |
| 19:22 | Frost Wyrm |
| 19:22 | Frost Wyrm |
| Select group | 1064 |
| Right click | 1047 |
| Select | 404 |
| Chat | 129 |
| Build/train/purchase | 89 |
| Misc. action | 80 |
| Assign group | 45 |
| Use ability | 39 |
| Minimap ping | 13 |
| Resource trade | 6 |
| Item give/drop | 2 |
| Esc | 2 |
| Remove unit | 1 |
⇛